 Dungeon Crawl Stone Soup version 0.22.1-1-ga44c0e5 (webtiles) character file.

61797 brandon the Thaumaturge (level 14, -8/86 HPs)
             Began as a Deep Elf Fire Elementalist on Oct 10, 2018.
             Was a High Priest of Vehumet.
             Killed from afar by a shock serpent (18 damage)
             ... with a bolt of electricity
             ... on level 1 of the Snake Pit on Oct 18, 2018.
             The game lasted 01:31:20 (27151 turns).

brandon the Thaumaturge (DEFE)                     Turns: 27151, Time: 01:31:21

Health: -8/86      AC: 11    Str:  9    XL:     14   Next: 62%
Magic:  13/31      EV: 19    Int: 28    God:    Vehumet [*****.]
Gold:   811        SH:  0    Dex: 15    Spells: 13/42 levels left

rFire    + + .     SeeInvis .   w - staff of conjuration
rCold    + + .     Gourm    .   (no shield)
rNeg     + . .     Faith    .   b - +2 robe "Jothriaq" {rF+ Str+4 Int+2}
rPois    +         Spirit   .   M - +2 helmet
rElec    .         Reflect  .   B - +0 cloak
rCorr    .         Harm     .   r - +0 pair of gloves
MR       ++...                  v - +0 pair of boots of the Invisible Stories {rPois}
Stlth    ++........             L - amulet of the acrobat
HPRegen  0.24/turn              O - ring "Paso" {rC+ rN+ MR+}
MPRegen  0.22/turn              Q - ring of protection from cold

@: no status effects
A: fire resistance 1, low mp 1, mutation resistance 1
a: Renounce Religion


You were on level 1 of the Snake Pit.
You worshipped Vehumet.
Vehumet was extremely pleased with you.
You were not hungry.

You visited 3 branches of the dungeon, and saw 18 of its levels.
You also visited: Volcano.

You collected 1099 gold pieces.
You spent 288 gold pieces at shops.

Inventory:

Missiles
 u - 327 stones (quivered)
Armour
 b - the +2 robe "Jothriaq" (worn) {rF+ Str+4 Int+2}
   (You bought it in a shop on level 7 of the Dungeon)

   It affects your strength (+4).
   It affects your intelligence (+2).
   It protects you from fire.
 r - a +0 pair of gloves (worn)
 v - the +0 pair of boots of the Invisible Stories (worn) {rPois}
   (You bought it in a shop on level 7 of the Dungeon)

   It protects you from poison.
 B - a +0 cloak (worn)
 M - a +2 helmet (worn)
Magical Staves
 w - an uncursed staff of conjuration (weapon)
Jewellery
 J - a +2 ring of protection
 L - an amulet of the acrobat (around neck)
 O - the ring "Paso" (left hand) {rC+ rN+ MR+}
   (You found it on level 11 of the Dungeon)

   [ring of positive energy]

   It protects you from cold.
   It protects you from negative energy.
   It affects your resistance to hostile enchantments.
 Q - a ring of protection from cold (right hand)
Wands
 e - a wand of iceblast (27)
 D - a wand of flame (57)
 E - a wand of paralysis (16)
 H - a wand of disintegration (12)
 K - a wand of digging (30)
 P - a wand of acid (15)
 S - a wand of clouds (12)
Scrolls
 a - 3 scrolls of enchant armour
 g - 2 scrolls of enchant weapon
 h - a scroll of blinking
 k - 8 scrolls of remove curse
 n - 7 scrolls of amnesia
 o - a scroll of vulnerability {unknown}
 q - 7 scrolls of teleportation
 t - a scroll of torment {unknown}
 x - a scroll of holy word {unknown}
 y - 4 scrolls of fog
 F - a scroll of magic mapping
 G - 3 scrolls of identify
Potions
 d - 4 potions of lignification
 f - 5 potions of curing
 i - 2 potions of invisibility
 j - 2 potions of heal wounds {unknown}
 l - a potion of mutation
 m - 6 potions of flight
 p - 2 potions of ambrosia {unknown}
 s - a potion of haste {unknown}
 z - a potion of resistance
 A - 2 potions of might {unknown}
 C - a potion of berserk rage {unknown}
 R - a potion of agility {unknown}
Miscellaneous
 I - a fan of gales
 N - a sack of spiders
Comestibles
 c - 27 rations


   Skills:
 + Level 9.4 Fighting
 - Level 5.8 Armour
 + Level 10.4 Dodging
 - Level 2.4 Stealth
 + Level 14.9 Spellcasting
 + Level 13.3 Conjurations
 - Level 8.4 Hexes
 + Level 11.2 Fire Magic
 - Level 4.4 Poison Magic


You had 13 spell levels left.
You knew the following spells:

 Your Spells              Type           Power        Failure   Level  Hunger
a - Flame Tongue          Conj/Fire      #####        0%          1    None
b - Magic Dart            Conj           ####         0%          1    None
c - Conjure Flame         Conj/Fire      #######.     1%          3    None
d - Sticky Flame          Conj/Fire      #######.     1%          4    None
e - Fireball              Conj/Fire      #######...   1%          5    None
f - Sandblast             Erth           ###...       1%          1    None
g - Throw Flame           Conj/Fire      ######       0%          2    None
h - Blink                 Tloc           N/A          3%          2    None
i - Fulminant Prism       Conj/Hex       #######...   1%          4    None
j - Poison Arrow          Conj/Pois      #######...   2%          6    ####...

Your spell library contained the following spells:

 Spells                   Type           Power        Failure   Level  Hunger
 Yara's Violent Unravell  Hex/Tmut       #####.....   3%          5    None
 Slow                     Hex            ######..     1%          2    None
 Ignite Poison            Fire/Tmut/Pois ######..     1%          3    None
 Inner Flame              Hex/Fire       ######..     1%          3    None
 Mephitic Cloud           Conj/Pois/Air  ######..     1%          3    None
 Spectral Weapon          Hex/Chrm       #####...     1%          3    None
 Olgreb's Toxic Radiance  Pois           #####...     1%          4    None
 Infusion                 Chrm           ###.         2%          1    None
 Call Imp                 Summ           ###.....     3%          2    None
 Shroud of Golubria       Chrm/Tloc      ###.......   3%          2    None
 Song of Slaying          Chrm           ###.....     3%          2    None
 Bolt of Cold             Conj/Ice       ######....   7%          6    ####...
 Conjure Ball Lightning   Conj/Air       ######....   7%          6    ####...
 Iron Shot                Conj/Erth      ######....   7%          6    ####...
 Regeneration             Chrm/Necr      ###.......   8%          3    None
 Silence                  Hex/Air        #####.....   12%         5    None
 Summon Lightning Spire   Summ/Air       ###.....     24%         4    None
 Deflect Missiles         Chrm/Air       ###.......   98%         6    ####...
 Tornado                  Air            ###.......   100%        9    #######


Dungeon Overview and Level Annotations

Branches:
Dungeon (11/15)            Temple (0/1) D:6            Lair (6/6) D:9
 Shoals (0/4) Lair:4        Snake (1/4) Lair:3        Slime (0/5) Lair:6
    Orc: D:9-12

Altars:
Dithmenos
Elyvilon
Hepliaklqana
Nemelex Xobeh
Sif Muna
Trog
Uskayaw
Vehumet
Xom
Jiyva

Shops:
D:7 [   D:9 [

Annotations:
D:5 3 runed doors, brandon's ghost, novice DEFE


Innate Abilities, Weirdness & Mutations

Your flesh is heat resistant. (rF+)
Your magical capacity is low. (-10% MP)
You are somewhat resistant to further mutation.


Message History

The fireball engulfs the shock serpent.
The shock serpent is almost dead.
The shock serpent's electric aura discharges, shocking you!
* * * LOW HITPOINT WARNING * * *
Casting: Fireball (safe; 1% risk of failure)
Confirm with . or Enter, or press ? or * to list all spells.
Aiming: Sticky Flame (safe; 1% risk of failure)
Press: ? - help, Shift-Dir - straight line, f/p - shock serpent
Aim: a shock serpent (almost dead)
You feel a surge of power!
The sticky flame hits the shock serpent.
The shock serpent appears unharmed.
The shock serpent is almost dead.
The shock serpent is covered in liquid flames!
The shock serpent burns!
The shock serpent shoots out a bolt of lightning at you!
The bolt of electricity hits you!
* * * LOW HITPOINT WARNING * * *
The bolt of electricity hits you!
You die...

#.#
#....S............
#.#
#...).............
#.#
#.................
#.#
#.................
#.#
#############.....
########'#######
#.....
#........).....#
#[....
#..........###.#
######
#..........S@#+#####
#.........##(.......#
#.......[.##.........
#.........##.........
#.........##.........
########'###.........
.........##(........
.........'.......##
.........###.....#


You could see a shock serpent (burning).

Vanquished Creatures
  An azure jelly (Lair:6)
  A red draconian (Volcano)
  Snorg (Lair:3)
  Josephine (Lair:6)
  6 hydras
  A naga warrior (Snake:1)
  A catoblepas (Lair:6)
  2 two-headed ogres
  A queen ant (D:10)
  12 death yaks
  A deep troll shaman (Lair:6)
  A naga sharpshooter (Snake:1)
  A salamander mystic (Volcano)
  An unseen horror (D:7)
  A naga ritualist (Snake:1)
  A lindwurm (Lair:6)
  Pikel (D:7)
  An oklob plant (D:9)
  3 salamanders
  A cyclops (D:11)
  A mana viper (Snake:1)
  Maurice (D:10)
  4 elephants (Lair:6)
  A guardian serpent (Snake:1)
  A naga mage (Snake:1)
  13 black mambas
  7 spiny frogs
  6 gargoyles
  6 komodo dragons
  A rime drake (Lair:4)
  A centaur skeleton (D:10)
  2 polar bears (D:11)
  2 trolls (D:11)
  Prince Ribbit (Lair:2)
  A hornet (D:10)
  17 blink frogs
  11 hippogriffs
  37 yaks
  A basilisk (Lair:2)
  4 wraiths (Lair:6)
  3 wyverns
  2 hungry ghosts (D:7)
  2 acid dragons
  9 soldier ants
  4 nagas (Snake:1)
  9 porcupines
  16 water moccasins
  A hornet zombie (D:7)
  6 orc warriors
  A slave (D:7)
  An ice beast (D:9)
  3 black bears
  4 phantoms
  3 sky beasts
  8 ogres
  6 centaurs
  10 wolves
  6 crocodiles
  A big kobold (D:7)
  9 bullfrogs
  A wyvern zombie (D:9)
  4 scorpions
  14 killer bees
  8 wights
  2 electric eels (Lair:2)
  3 centaur zombies
  4 crimson imps
  2 jellies (D:6)
  A quasit (D:9)
  5 bullfrog zombies
  3 hounds
  10 orc priests
  A bullfrog skeleton (D:9)
  12 orc wizards
  4 iguanas
  29 worker ants
  A hound zombie (D:3)
  2 hound skeletons
  A worker ant zombie (D:3)
  2 gnolls (D:7)
  2 howler monkey skeletons (D:11)
  18 adders
  A shadow imp (D:8)
  An ooze (D:5)
  2 adder skeletons (D:3)
  A dart slug (D:3)
  6 leopard geckos
  46 orcs
  3 ball pythons
  6 bats
  6 giant cockroaches
  6 goblins
  5 hobgoblins
  2 quokkas
  A ball python zombie (D:3)
  4 frilled lizards
  2 giant cockroach zombies (D:3)
  A jackal skeleton (D:3)
  10 kobolds
  A leopard gecko skeleton (D:3)
  2 leopard gecko zombies
  A quokka skeleton (D:3)
  5 rats
  4 fulminant prisms
  7 fungi
  4 plants
517 creatures vanquished.

Vanquished Creatures (others)
  3 slaves (D:7)
  An adder (D:7)
  2 gnolls (D:7)
  A bush (Lair:6)
  139 fulminant prisms
  16 fungi
  23 plants
185 creatures vanquished.

Grand Total: 702 creatures vanquished

Notes
Turn   | Place    | Note
-------+----------+-------------------------------------------
     0 | D:1      | brandon the Deep Elf Fire Elementalist began the quest for
                  | the Orb.
     0 | D:1      | Reached XP level 1. HP: 10/10 MP: 6/6
   465 | D:1      | Reached XP level 2. HP: 15/15 MP: 6/8
   470 | D:1      | Learned a level 2 spell: Throw Flame
  1277 | D:2      | Found a deep blue altar of Sif Muna.
  1566 | D:3      | Reached XP level 3. HP: 17/19 MP: 0/10
  1571 | D:3      | Learned a level 3 spell: Conjure Flame
  1724 | D:3      | Found a radiant altar of Vehumet.
  1737 | D:3      | Became a worshipper of Vehumet
  1743 | D:3      | Reached XP level 4. HP: 24/24 MP: 2/11
  1774 | D:3      | Noticed a phantom
  1905 | D:3      | Killed a phantom
  1905 | D:3      | Reached skill level 4 in Spellcasting
  1905 | D:3      | Reached XP level 5. HP: 28/28 MP: 7/13
  1921 | D:3      | Found a sparkling altar of Nemelex Xobeh.
  2390 | D:3      | Reached * piety under Vehumet
  2390 | D:3      | Offered knowledge of Sandblast by Vehumet.
  2989 | D:4      | Noticed an ogre
  2998 | D:4      | Killed an ogre
  2998 | D:4      | Reached skill level 5 in Spellcasting
  2998 | D:4      | Reached XP level 6. HP: 30/32 MP: 6/15
  3000 | D:4      | Reached skill level 5 in Conjurations
  3006 | D:4      | Learned a level 4 spell: Sticky Flame
  3078 | D:4      | Learned a level 5 spell: Fireball
  3563 | D:4      | Reached skill level 5 in Fire Magic
  3667 | D:4      | Learned a level 1 spell: Sandblast
  3799 | D:4      | Reached XP level 7. HP: 36/36 MP: 12/17
  3813 | D:4      | Found a shimmering altar of Xom.
  3814 | D:4      | Found a shadowy altar of Dithmenos.
  4289 | D:4      | Reached skill level 6 in Spellcasting
  4673 | D:5      | Entered Level 5 of the Dungeon
  5025 | D:5      | Found a runed gate.
  5028 | D:5      | Found a runed gate.
  5029 | D:5      | Found a runed gate.
  5030 | D:5      | Noticed brandon's ghost (novice DEFE)
  5252 | D:5      | Found a white marble altar of Elyvilon.
  5341 | D:5      | Reached skill level 1 in Fighting
  5597 | D:5      | Reached XP level 8. HP: 43/43 MP: 7/20
  6140 | D:6      | Reached skill level 7 in Spellcasting
  6272 | D:6      | Offered knowledge of Searing Ray by Vehumet.
  6581 | D:6      | Reached ** piety under Vehumet
  7010 | D:6      | Found a staircase to the Ecumenical Temple.
  7069 | D:6      | Reached XP level 9. HP: 49/49 MP: 3/22
  7207 | D:6      | Found a hazy altar of Hepliaklqana.
  7241 | D:6      | Reached skill level 8 in Spellcasting
  7416 | D:7      | Found Heesie's Antique Armour Shop.
  7421 | D:7      | Noticed Pikel
  7424 | D:7      | Killed Pikel
  7498 | D:7      | Bought a twisted robe for 108 gold pieces
  7498 | D:7      | Bought a pair of fine boots for 180 gold pieces
  7505 | D:7      | Offered knowledge of Static Discharge by Vehumet.
  7617 | D:7      | Identified the +2 robe "Jothriaq" {rF+ Str+4 Int+2} (You
                  | bought it in a shop on level 7 of the Dungeon)
  7622 | D:7      | Identified the +0 pair of boots of the Invisible Stories
                  | {rPois} (You bought it in a shop on level 7 of the Dungeon)
  7719 | D:7      | Reached *** piety under Vehumet
  7978 | D:7      | Reached skill level 9 in Spellcasting
  8048 | D:7      | Reached skill level 10 in Conjurations
  8333 | D:7      | Noticed an unseen horror
  8337 | D:7      | Killed an unseen horror
  8337 | D:7      | Reached XP level 10. HP: 15/58 MP: 16/25
  8750 | D:7      | Noticed a gargoyle
  8756 | D:7      | Noticed a gargoyle
  8762 | D:7      | Killed a gargoyle
  8873 | D:7      | Noticed a gargoyle
  8873 | D:7      | Noticed a gargoyle
  8873 | D:7      | Noticed a gargoyle
  8873 | D:7      | Killed a gargoyle
  8979 | D:7      | Killed a gargoyle
  9416 | D:7      | Killed a gargoyle
  9808 | D:8      | Reached skill level 10 in Spellcasting
  9844 | D:8      | Noticed a two-headed ogre
  9944 | D:8      | Killed a two-headed ogre
  9944 | D:8      | Reached skill level 5 in Fighting
 10035 | D:8      | Learned a level 1 spell: Magic Dart
 10043 | D:8      | Learned a level 2 spell: Blink
 10395 | D:8      | Killed a gargoyle
 10510 | D:8      | Found a shadowy altar of Dithmenos.
 10783 | D:8      | Offered knowledge of Ignite Poison by Vehumet.
 11077 | D:9      | Reached XP level 11. HP: 64/64 MP: 19/27
 11765 | D:9      | Noticed an oklob plant
 11778 | D:9      | Killed an oklob plant
 11778 | D:9      | Reached skill level 11 in Spellcasting
 11861 | D:9      | Found a bloodstained altar of Trog.
 11876 | D:9      | Found a staircase to the Lair.
 11889 | D:9      | Found a hide-covered altar of Uskayaw.
 11899 | D:9      | Reached **** piety under Vehumet
 12139 | D:9      | Found Opevy's Antique Armour Emporium.
 12491 | D:10     | Entered Level 10 of the Dungeon
 12588 | D:10     | Noticed a queen ant
 12644 | D:10     | Offered knowledge of Fulminant Prism by Vehumet.
 12705 | D:10     | Learned a level 4 spell: Fulminant Prism
 12751 | D:10     | Reached skill level 1 in Armour
 13077 | D:10     | Reached skill level 10 in Fire Magic
 13081 | D:10     | Noticed Maurice
 13093 | D:10     | Killed Maurice
 13552 | D:10     | Killed a queen ant
 13552 | D:10     | Reached skill level 1 in Hexes
 14112 | D:11     | Found a bloodstained altar of Trog.
 14117 | D:11     | Reached XP level 12. HP: 71/71 MP: 17/29
 14128 | D:11     | Got a wavering glass ring
 14169 | D:11     | Noticed a two-headed ogre
 14171 | D:11     | Reached ***** piety under Vehumet
 14171 | D:11     | Offered knowledge of Poison Arrow by Vehumet.
 14174 | D:11     | Killed a two-headed ogre
 14174 | D:11     | Reached skill level 5 in Dodging
 14174 | D:11     | Reached skill level 12 in Spellcasting
 15099 | D:11     | Noticed an eight-headed hydra
 15101 | D:11     | Killed an eight-headed hydra
 15447 | Lair:1   | Entered Level 1 of the Lair of Beasts
 15580 | Lair:1   | Reached skill level 5 in Hexes
 16522 | Lair:2   | Noticed Prince Ribbit
 16527 | Lair:2   | Killed Prince Ribbit
 16528 | Lair:2   | Reached skill level 13 in Spellcasting
 16727 | Lair:2   | Learned a level 6 spell: Poison Arrow
 16951 | Lair:2   | Noticed a four-headed hydra
 16957 | Lair:2   | Killed a four-headed hydra
 16958 | Lair:2   | Reached skill level 1 in Poison Magic
 17831 | Lair:3   | Reached XP level 13. HP: 78/78 MP: 25/32
 17897 | Lair:3   | Found a dark tunnel.
 17911 | Volcano  | Entered a volcano
 18136 | Volcano  | Noticed a red draconian
 18144 | Volcano  | Killed a red draconian
 18144 | Volcano  | Reached skill level 5 in Armour
 18333 | Lair:3   | Noticed Snorg
 18469 | Lair:2   | Identified the ring "Paso" {rC+ rN+ MR+} (You found it on
                  | level 11 of the Dungeon)
 18474 | Lair:2   | Gained mutation: Your mind is acute. (Int +2) [potion of
                  | mutation]
 18474 | Lair:2   | Gained mutation: You are agile. (Dex +2) [potion of
                  | mutation]
 18475 | Lair:2   | Lost mutation: You are agile. (Dex +2) [potion of mutation]
 18475 | Lair:2   | Lost mutation: Your mind is acute. (Int +2) [potion of
                  | mutation]
 18475 | Lair:2   | Gained mutation: Potions are less effective at restoring
                  | your health. [potion of mutation]
 18475 | Lair:2   | Gained mutation: You have a pair of small antennae on your
                  | head. [potion of mutation]
 18475 | Lair:2   | Gained mutation: You are somewhat resistant to further
                  | mutation. [potion of mutation]
 18476 | Lair:2   | Lost mutation: Potions are less effective at restoring your
                  | health. [potion of mutation]
 18476 | Lair:2   | Lost mutation: You are somewhat resistant to further
                  | mutation. [potion of mutation]
 18476 | Lair:2   | Gained mutation: Your spells are a little easier to cast,
                  | but a little less powerful. [potion of mutation]
 18476 | Lair:2   | Gained mutation: Your magical capacity is low. (-10% MP)
                  | [potion of mutation]
 18476 | Lair:2   | Gained mutation: Your flesh is heat resistant. (rF+)
                  | [potion of mutation]
 18476 | Lair:2   | Gained mutation: You are robust. (+10% HP) [potion of
                  | mutation]
 18477 | Lair:2   | Lost mutation: You are robust. (+10% HP) [potion of
                  | mutation]
 18477 | Lair:2   | Lost mutation: You have a pair of small antennae on your
                  | head. [potion of mutation]
 18477 | Lair:2   | Lost mutation: Your spells are a little easier to cast, but
                  | a little less powerful. [potion of mutation]
 18477 | Lair:2   | Gained mutation: Scrolls take you a little longer to read.
                  | [potion of mutation]
 18477 | Lair:2   | Lost mutation: Scrolls take you a little longer to read.
                  | [potion of mutation]
 18477 | Lair:2   | Gained mutation: You are somewhat resistant to further
                  | mutation. [potion of mutation]
 18811 | Lair:2   | Offered knowledge of Conjure Ball Lightning by Vehumet.
 19867 | Lair:3   | Found a staircase to the Snake Pit.
 19901 | Lair:3   | Killed Snorg
 21094 | Lair:4   | Found a staircase to the Shoals.
 22307 | Lair:4   | Reached skill level 14 in Spellcasting
 23217 | Lair:6   | Entered Level 6 of the Lair of Beasts
 23274 | Lair:6   | Offered knowledge of Yara's Violent Unravelling by Vehumet.
 23444 | Lair:6   | Reached XP level 14. HP: 63/84 MP: 18/30
 23572 | Lair:6   | Identified the Collected Works on Harmful Toxins
 24675 | Lair:6   | Found a runed door.
 24676 | Lair:6   | Found a viscous altar of Jiyva.
 24676 | Lair:6   | Noticed an azure jelly
 24695 | Lair:6   | Found a staircase to the Slime Pits.
 24742 | Lair:6   | Killed an azure jelly
 25337 | Lair:6   | Reached skill level 10 in Dodging
 25676 | Lair:6   | Noticed Josephine
 25888 | Lair:6   | Killed Josephine
 26270 | Snake:1  | Entered Level 1 of the Snake Pit
 27151 | Snake:1  | Killed from afar by a shock serpent

Skill      XL: |  1  2  3  4  5  6  7  8  9 10 11 12 13 14 |
---------------+-------------------------------------------+-----
Conjurations   | 2 3 4 5 7 8 10 11 12 13 | 13.3
Spellcasting   | 4 5 6 7 9 10 11 13 14 | 14.9
Fire Magic     | 4 5 6 8 9 10 11 | 11.2
Fighting       | 1 2 4 5 6 7 8 9 |  9.4
Dodging        | 4 7 9 10 | 10.4
Armour         | 2 4 5 |  5.8
Hexes          | 2 6 8 |  8.4
Poison Magic   | 1 4 |  4.4
Stealth        | |  2.4

Action                   |  1- 3 |  4- 6 |  7- 9 | 10-12 | 13-15 || total
-------------------------+-------+-------+-------+-------+-------++-------
Melee: Club              |       |     1 |       |       |       ||     1
       Dagger            |       |     6 |    83 |       |       ||    89
       Battleaxe         |       |       |       |    38 |    17 ||    55
       Staff             |       |       |       |       |     4 ||     4
 Cast: Flame Tongue      |    51 |   114 |   132 |   244 |   200 ||   741
       Throw Flame       |     5 |     2 |    28 |     6 |       ||    41
       Sticky Flame      |       |     3 |    25 |    54 |    74 ||   156
       Conjure Flame     |       |     1 |     5 |     8 |    13 ||    27
       Fireball          |       |       |    15 |    79 |    52 ||   146
       Sandblast         |       |       |    18 |     3 |       ||    21
       Magic Dart        |       |       |       |    39 |    15 ||    54
       Fulminant Prism   |       |       |       |    54 |    89 ||   143
       Blink             |       |       |       |       |    17 ||    17
       Poison Arrow      |       |       |       |       |    11 ||    11
Evoke: Wand              |       |       |       |       |     1 ||     1
  Use: Scroll            |       |     5 |     5 |     8 |     8 ||    26
       Potion            |       |       |     1 |     1 |     5 ||     7
  Eat: Chunk             |     2 |     5 |    11 |    28 |    12 ||    58
       Ration            |       |     1 |     2 |     3 |     5 ||    11
Armor: Robe              |     1 |     5 |    25 |    45 |    26 ||   102
Dodge: Dodged            |    12 |    32 |    77 |   138 |   191 ||   450
